 Dungeon Crawl Stone Soup version 0.19-a0-1840-g63cf2ba (webtiles) character file.

128 Jraekied the Twirler (level 4, 0/35 HPs)
             Began as a Demonspawn Gladiator on Oct 8, 2016.
             Was an Initiate of Yredelemnul.
             Slain by an orc wizard
             ... wielding a +0 dagger
              (1 damage)
             ... on level 3 of the Dungeon.
             The game lasted 00:05:19 (1529 turns).

Jraekied the Twirler (Demonspawn Gladiator)         Turns: 1529, Time: 00:05:20

Health: 0/35       AC:  7    Str: 14 (16) XL:     4   Next: 86%
Magic:  4/4        EV: 11    Int:  8 (9)  God:    Yredelemnul [......]
Gold:   94         SH:  0    Dex: 13 (14) Spells: 0 memorised, 3 levels left

rFire  . . .     SeeInvis .     a - +0 quarterstaff
rCold  . . .     Gourm    .     h - +0 ring mail
rNeg   . . .     Faith    .     (shield currently unavailable)
rPois  +         Spirit   .     c - +0 helmet
rElec  .         Dismiss  .     (no cloak)
rCorr  .         Reflect  .     (no gloves)
MR     +....     Harm     .     o - +0 pair of boots
Stlth  +.........               (no amulet)
                                (no ring)
                                t - ring of poison resistance

@: flying
A: claws 1, talons 1, magic resistance 1, powered by pain 1
a: Renounce Religion


You were on level 3 of the Dungeon.
You worshipped Yredelemnul.
Yredelemnul was noncommittal.
You were near starving.

You visited 1 branch of the dungeon, and saw 3 of its levels.

You collected 94 gold pieces.

Inventory:

Hand Weapons
 a - a +0 quarterstaff (weapon)
 i - a +2 dagger of venom
 s - a +1 antimagic hand axe
Missiles
 d - 3 throwing nets
 m - 3 javelins
 n - 8 curare-tipped needles
 q - 22 stones (quivered)
Armour
 b - a +0 leather armour
 c - a +0 helmet (worn)
 h - a +0 ring mail (worn)
 o - a +0 pair of boots (worn)
Jewellery
 t - a ring of poison resistance (left claw)
 u - an uncursed ring of protection from cold {unknown}
Scrolls
 e - 2 scrolls of identify {unknown}
 k - a scroll of amnesia {unknown}
 l - a scroll of teleportation {unknown}
Potions
 g - a potion of degeneration
 j - 2 potions of flight
 p - a potion of mutation
 r - a potion of cure mutation {unknown}
Comestibles
 f - 3 bread rations


   Skills:
 + Level 3.3 Fighting
 * Level 4.4 Staves
 - Level 1.7 Throwing
 - Level 2.6 Dodging


You had 3 spell levels left.
You didn't know any spells.

Dungeon Overview and Level Annotations

Branches:
Dungeon (3/15)

Altars:
Fedhas
Xom
Yredelemnul
The Shining One


Innate Abilities, Weirdness & Mutations

You have sharp fingernails.
You have sharp toenails.
You sometimes gain a little power by taking damage.
You are resistant to hostile enchantments. (MR+)


Message History

You miss something. Something hits you but does no damage.
You hit something. Something hits you.
* * * LOW HITPOINT WARNING * * *
It was a potion of flight.
You feel very buoyant.
You fly up into the air.
Something hits you but does no damage.
It was a potion of degeneration.
There was something very wrong with that liquid.
You feel weakened.
You feel dopey.
You feel clumsy. Something hits you.
* * * LOW HITPOINT WARNING * * *
It was a potion of mutation.
You feel extremely strange.
You feel resistant to hostile enchantments.
You feel more resistant to hostile enchantments.
You feel less resistant to hostile enchantments.
Something hits you.
* * * LOW HITPOINT WARNING * * *
You hit something but do no damage. Something hits you.
You die...
Your body rises from the dead as a mindless zombie.

+..............###
.(( ####.##..........
... #.##..[....... ..
#.###.......#. (. #.#
#.......# .####.#
#.######### (.##.#
#.# #...... #{##.#
#.# #.#####
#@##.###>###.#...#
##.#.....##...#......
#........##...#......
#..#####.##...#......
#.. #..#...+...... #.
##.#...#...... #.
#.#...##..... #
#............
#######.###'#


There were no monsters in sight!

Vanquished Creatures
  An orc priest (D:3)
  Terence (D:2)
  3 adders (D:2)
  An ooze (D:3)
  A worm (D:3)
  A dart slug (D:1)
  A leopard gecko (D:2)
  3 orcs (D:3)
  A ball python (D:2)
  2 bats (D:1)
  3 giant cockroaches
  4 hobgoblins
  2 jackals (D:2)
  A kobold (D:1)
  A quokka (D:2)
  2 frilled lizards
  2 goblins
  4 rats
34 creatures vanquished.

Vanquished Creatures (others)
  A giant cockroach (D:2)
1 creature vanquished.

Grand Total: 35 creatures vanquished

Notes
Turn   | Place    | Note
-------+----------+-------------------------------------------
     0 | D:1      | Jraekied the Demonspawn Gladiator began the quest for the Orb.
     0 | D:1      | Reached XP level 1. HP: 16/16 MP: 1/1
   122 | D:1      | Reached skill level 3 in Staves
   122 | D:1      | Gained mutation: You have sharp fingernails. [demonic ancestry]
   122 | D:1      | Reached XP level 2. HP: 23/23 MP: 2/2
   550 | D:2      | Found a glowing golden altar of the Shining One.
   586 | D:2      | Gained mutation: You have sharp toenails. [demonic ancestry]
   586 | D:2      | Reached XP level 3. HP: 24/28 MP: 3/3
   638 | D:2      | Found a blossoming altar of Fedhas.
   697 | D:2      | Found a basalt altar of Yredelemnul.
   699 | D:2      | Noticed a profane servitor
   708 | D:2      | Found a glowing golden altar of the Shining One.
   710 | D:2      | Noticed an angel
  1045 | D:2      | Found a shimmering altar of Xom.
  1055 | D:2      | Noticed Terence
  1072 | D:2      | Killed Terence
  1072 | D:2      | Reached skill level 4 in Staves
  1072 | D:2      | Gained mutation: You sometimes gain a little power by taking damage. [demonic ancestry]
  1072 | D:2      | Reached XP level 4. HP: 29/35 MP: 4/4
  1245 | D:2      | Became a worshipper of Yredelemnul the Dark
  1528 | D:3      | Gained mutation: You are resistant to hostile enchantments. (MR+) [potion of mutation]
  1528 | D:3      | Gained mutation: You are highly resistant to hostile enchantments. (MR++) [potion of mutation]
  1528 | D:3      | Lost mutation: You are highly resistant to hostile enchantments. (MR++) [potion of mutation]
  1528 | D:3      | HP: 1/35 [something (3)]
  1529 | D:3      | Slain by an orc wizard

Vault maps used:
D:1:      shiori_arrival_maze, serial_corexii_hall, corexii_hall_statues_i,
          corexii_hall_statues_s, corexii_hall_statues_i, corexii_hall_statues_l
D:2:      grunt_temple_overflow_holy_war, lemuel_doored_altar,
          overflow_temple_1_default, tso_metal_star, uniq_terence
D:3:      first_bread, uniq_crazy_yiuf_cottage

Skill      XL: |  1  2  3 |
---------------+----------+-----
Staves         | 3 4 |  4.4
Fighting       | 3 |  3.3
Throwing       | |  1.7
Dodging        | |  2.6

Action                   |  1- 3 |  4- 6 || total
-------------------------+-------+-------++-------
Melee: Quarterstaff      |    95 |    24 ||   119
Throw: Stone             |       |     4 ||     4
  Use: Potion            |       |     3 ||     3
Armor: Leather armour    |     4 |       ||     4
       Ring mail         |    33 |     8 ||    41
Dodge: Dodged            |    69 |     5 ||    74
